 Dungeon Sprint DCSS version 0.28-a0-1199-gef9e1dbd39 (webtiles) character file.

Game seed: 16126183570197282680

40567 mhtbhm the Minotaur Porcupine (level 13, -19/234 HPs)
             Began as a Minotaur Berserker on Dec 20, 2021.
             Was the Champion of Trog.
             Hit by a large rock thrown by a stone giant (32 damage)
             ... while paralysed by a floating eye
             ... in the Dungeon (Sprint IX: "|||||||||||||||||||||||||||||").
             The game lasted 00:10:51 (3952 turns).

mhtbhm the Minotaur Porcupine (Minotaur Berserker)  Turns: 3952, Time: 00:10:51

Health: -19/234    AC: 24    Str: 25    XL:     13   Next: 75%
Magic:  0/12       EV:  2    Int:  4    God:    Trog [******]
Gold:   6          SH:  0    Dex: 12    Spells: 12/12 levels left

rFire   + + .      SeeInvis .   a - +8 glaive of Expedience {flame, rF+ Stlth+}
rCold   + . .      Faith    .   (shield currently unavailable)
rNeg    . . .      Spirit   .   b - +0 storm dragon scales
rPois   .          Reflect  .   (helmet restricted)
rElec   +          Harm     .   w - scarf {rC+ rF+}
rCorr   .          Rampage  .   B - +0 pair of gloves {infuse}
Will    .....      NoTele   +   x - +1 pair of boots {Stlth+}
Stlth   ..........              E - amulet of the acrobat
HPRegen 0.49/turn               m - +2 ring of evasion
MPRegen 0.13/turn               n - +2 ring of protection

@: paralysed, berserking (expiring)
A: horns 2, retaliatory headbutt
a: Renounce Religion, Berserk, Trog's Hand, Brothers in Arms


You were in the Dungeon.
You worshipped Trog.
Trog was exalted by your worship.
You visited 1 branch You collected 1916 gold pieces.
You spent 1910 gold pieces at shops.

Inventory:

Hand Weapons
 a - the +8 glaive of Expedience (weapon) {flame, rF+ Stlth+}
   (Trog gifted it to you in the Dungeon)

   It burns those it strikes, dealing additional fire damage.
   Big, fiery blades are also staple armaments of hydra-hunters.
   rF:        It protects you from fire.
   Stlth:     It makes you more stealthy.
 s - a +3 halberd of flaming
 u - a +3 vampiric glaive
Missiles
 k - 3 throwing nets
 t - 5 curare-tipped darts (quivered)
 v - 3 silver boomerangs
Armour
 b - +0 storm dragon scales (worn)
 w - a scarf of resistance (worn)
 x - a +1 pair of boots of stealth (worn)
 B - a +0 pair of gloves of infusion (worn)
Jewellery
 m - a +2 ring of evasion (left hand)
 n - a +2 ring of protection (right hand)
 C - a ring of fire
 D - a ring of willpower
 E - an amulet of the acrobat (around neck)
Wands
 j - a wand of iceblast (5)
 r - a wand of paralysis (5)
Scrolls
 g - 5 scrolls of identify
 h - 5 scrolls of blinking
 i - 2 scrolls of enchant weapon
 p - 5 scrolls of enchant armour
 q - 2 scrolls of fear
 y - a scroll of brand weapon
 A - a scroll of fog
Potions
 c - 12 potions of curing
 d - 8 potions of heal wounds
 e - 2 potions of resistance
 f - 4 potions of magic
 o - 2 potions of mutation
 z - a potion of haste


   Skills:
 + Level 26.0 Fighting
 O Level 27 Polearms
 + Level 18.0 Armour
 + Level 11.1 Dodging
 + Level 7.9 Stealth
 + Level 3.2 Evocations


You had 12 spell levels left.
You didn't know any spells.
Your spell library was empty.

Dungeon Overview and Level Annotations

Branches:
Dungeon (1/1)

Altars:
Cheibriados
Dithmenos
Elyvilon
Fedhas
Gozag
Hepliaklqana
Kikubaaqudgha
Makhleb
Nemelex Xobeh
Okawaru
Qazlal
Ru
Sif Muna
Trog
Uskayaw
Vehumet
Wu Jian
Xom
Yredelemnul
Zin
The Shining One
Beogh
Jiyva
Lugonu

Shops:
D !*?(


Innate Abilities, Weirdness & Mutations

You have a pair of horns on your head.
You reflexively headbutt those who attack you in melee.


Message History

The floating eye gazes piercingly through you!
You shrug off the repeated paralysis!
The fire giant points at you and mumbles some strange words.
The fireball explodes!
The fireball engulfs you! You resist.
* * * LOW HITPOINT WARNING * * *
The fireball engulfs the fire giant!
The fire giant resists.
The fire giant dies!
You can move again.
Your Armour skill increases to level 18!
Unknown command.
You slash the ice dragon! You burn the ice dragon.
The ice dragon is lightly wounded.
You cut the ice dragon into ribbons!!! You burn the ice dragon!!
You headbutt the ice dragon.
The ice dragon is almost dead.
The floating eye seems to glare at you.
The ice dragon bites you but does no damage.
The ice dragon closely misses you. x2
You slice the ice dragon!! You burn the ice dragon.
You feel the power of Trog in you as your rage grows.
You kill the ice dragon!
Trog accepts your kill.
Your Fighting skill increases to level 26!
You have mastered Polearms!
A tengu warrior comes into view. It is wielding a +0 battleaxe.
The stone giant hits you!
* * * LOW HITPOINT WARNING * * *
You see here a +3 great sword of flaming.
Unknown command.
You slice the stone giant!! You burn the stone giant.
You headbutt the stone giant!!
The stone giant is heavily wounded.
Unknown command.
The floating eye gazes piercingly through you!
You suddenly lose the ability to move!
The stone giant throws a large rock.
The large rock hits you!
* * * LOW HITPOINT WARNING * * *
The floating eye's view fixates on you.
The stone giant throws a large rock.
The large rock hits you!!
You die...

▓▓▓▓▓▓▓▓▓▓▓▓▓▓▓▓▓▓▓▓▓▓▓▓▓
............'(.)@)CGCpCLQ
▓▓▓▓▓▓▓▓▓▓▓▓▓▓▓▓▓▓▓▓▓▓▓▓▓▓▓▓▓▓▓▓▓
.................................
▓▓▓▓▓▓▓▓▓▓♣♣♣♣♣♣♣♣♣♣▓▓▓▓▓▓▓▓▓▓▓▓▓
.........)[)........))).)÷))†)'†.
▓▓▓▓▓▓▓▓▓▓♣♣♣♣♣♣♣♣♣♣▓▓▓▓▓▓▓▓▓▓▓▓▓
.................................
▓▓▓▓▓▓▓▓▓▓▓▓▓▓▓▓▓▓▓▓▓▓▓▓▓▓▓▓▓▓▓▓▓
....'.....)))))))).[[[=[[[[......


You could see 2 stone giants, a lich (wandering), an ettin, a hell knight (fast)
and a floating eye (charged).

Vanquished Creatures
  An emperor scorpion (D)
  4 stone giants (D)
  A vampire knight (D)
  A rakshasa (D)
  Harold (D)
  An ice dragon (D)
  A naga warrior (D)
  4 ogre magi (D)
  A boulder beetle (D)
  A salamander tyrant (D)
  A hydra (D)
  An alligator snapping turtle (D)
  2 alligators (D)
  2 centaur warriors (D)
  4 two-headed ogres (D)
  2 deep troll shamans (D)
  A tengu warrior (D)
  A vampire mage (D)
  A naga sharpshooter (D)
  A death yak (D)
  A shock serpent (D)
  Sonja (D)
  A sea snake (D)
  3 swamp dragons (D)
  3 orc knights (D)
  2 mana vipers (D)
  2 wolf spiders (D)
  2 cyclopes (D)
  An orb spider (D)
  A will-o-the-wisp (D)
  An ugly thing (D)
  A manticore (D)
  An elephant (D)
  2 merfolk sirens (D)
  A black mamba (D)
  2 naga magi (D)
  2 cane toads (D)
  A water nymph (D)
  A tengu conjurer (D)
  A rime drake (shapeshifter) (D)
  A rime drake (D)
  A demonic crawler (D)
  A jumping spider (D)
  2 merfolk (D)
  6 polar bears (D)
  2 hornets (D)
  A tyrant leech (D)
  A raiju (shapeshifter) (D)
  2 redbacks (D)
  A spriggan (D)
  3 yaks (D)
  Eustachio (D)
  2 basilisks (D)
  2 vampire mosquitoes (D)
  3 water moccasins (D)
  9 orc warriors (D)
  A sky beast (D)
  4 black bears (D)
  An ice beast (D)
  A boggart (D)
  5 ogres (D)
  2 centaurs (D)
  2 wolves (D)
  2 bullfrogs (D)
  2 wights (D)
  2 hounds (D)
  2 orc priests (D)
  4 orc wizards (D)
  8 orcs (D)
  A bat zombie (D)
  2 endoplasms (D)
  A goblin (D)
  A ball python (D)
  A frilled lizard (D)
142 creatures vanquished.

Vanquished Creatures (collateral kills)
  A wizard (D)
  A cyclops (D)
2 creatures vanquished.

Vanquished Creatures (others)
  A fire giant (D)
  A hydra (D)
  3 foxfires (D)
5 creatures vanquished.

Grand Total: 149 creatures vanquished

Notes
Turn   | Place    | Note
-------+----------+-------------------------------------------
     0 | D        | mhtbhm the Minotaur Berserker began the quest for the Orb.
     0 | D        | Reached XP level 1. HP: 19/19 MP: 0/0
     9 | D        | Reached skill level 4 in Polearms
     9 | D        | Reached ** piety under Trog
    50 | D        | Noticed an ice beast
    50 | D        | Noticed a hound
    50 | D        | Noticed a sky beast
    50 | D        | Noticed a hound
    54 | D        | Killed an ice beast
    55 | D        | Reached skill level 7 in Polearms
    55 | D        | Reached XP level 2. HP: 13/34 MP: 1/1
    55 | D        | Reached XP level 3. HP: 15/39 MP: 2/2
    55 | D        | Reached XP level 4. HP: 19/47 MP: 3/3
    58 | D        | Reached *** piety under Trog
    59 | D        | Reached skill level 8 in Polearms
   294 | D        | Killed a sky beast
   295 | D        | Reached skill level 9 in Polearms
   295 | D        | Reached XP level 5. HP: 57/57 MP: 4/4
   298 | D        | Reached skill level 10 in Polearms
   298 | D        | Reached skill level 5 in Armour
   298 | D        | Reached skill level 5 in Dodging
   305 | D        | Found a snail-covered altar of Cheibriados.
   305 | D        | Found a shadowy altar of Dithmenos.
   305 | D        | Found a white marble altar of Elyvilon.
   305 | D        | Found a blossoming altar of Fedhas.
   305 | D        | Found an opulent altar of Gozag.
   306 | D        | Found a hazy altar of Hepliaklqana.
   307 | D        | Found a viscous altar of Jiyva.
   308 | D        | Found an ancient bone altar of Kikubaaqudgha.
   309 | D        | Found a corrupted altar of Lugonu.
   310 | D        | Found a burning altar of Makhleb.
   311 | D        | Found a sparkling altar of Nemelex Xobeh.
   312 | D        | Found an iron altar of Okawaru.
   313 | D        | Found a stormy altar of Qazlal.
   334 | D        | Found a sacrificial altar of Ru.
   354 | D        | Found a shimmering blue altar of Sif Muna.
   355 | D        | Found a bloodstained altar of Trog.
   356 | D        | Found a hide-covered altar of Uskayaw.
   357 | D        | Found a radiant altar of Vehumet.
   358 | D        | Found an ornate altar of the Wu Jian Council.
   359 | D        | Found a shimmering altar of Xom.
   360 | D        | Found a basalt altar of Yredelemnul.
   361 | D        | Found a glowing silver altar of Zin.
   362 | D        | Found a glowing golden altar of the Shining One.
   417 | D        | Noticed a centaur
   417 | D        | Noticed a yak
   417 | D        | Noticed a hornet
   417 | D        | Noticed an orc warrior
   421 | D        | Killed a centaur
   422 | D        | Reached skill level 10 in Fighting
   422 | D        | Reached XP level 6. HP: 67/67 MP: 5/5
   423 | D        | Killed a yak
   423 | D        | Reached **** piety under Trog
   424 | D        | Reached skill level 11 in Polearms
   425 | D        | Killed a hornet
   426 | D        | Reached skill level 12 in Polearms
   426 | D        | Reached XP level 7. HP: 77/77 MP: 6/6
   431 | D        | Reached skill level 13 in Polearms
   431 | D        | Reached ***** piety under Trog
   482 | D        | Noticed a manticore
   482 | D        | Noticed an eight-headed hydra
   482 | D        | Noticed a cyclops
   482 | D        | Noticed a centaur warrior
   482 | D        | Noticed a cyclops
   482 | D        | Noticed a brown ugly thing
   488 | D        | Killed a manticore
   489 | D        | Reached skill level 14 in Polearms
   489 | D        | Reached XP level 8. HP: 86/86 MP: 7/7
   490 | D        | Killed a ten-headed hydra
   491 | D        | Reached skill level 1 in Stealth
   494 | D        | Killed a cyclops
   495 | D        | Reached skill level 15 in Polearms
   499 | D        | Killed a centaur warrior
   499 | D        | Received a gift from Trog
   500 | D        | Reached skill level 16 in Polearms
   500 | D        | Reached XP level 9. HP: 71/96 MP: 8/8
   503 | D        | Killed a cyclops
   504 | D        | Reached skill level 15 in Fighting
   566 | D        | Killed a brown ugly thing
   567 | D        | Reached skill level 17 in Polearms
   991 | D        | Noticed a polar bear
   991 | D        | Noticed a cane toad
   995 | D        | Killed a polar bear
   998 | D        | Killed a cane toad
  1002 | D        | Noticed a death yak
  1007 | D        | Reached XP level 10. HP: 107/107 MP: 9/9
  1014 | D        | Killed a death yak
  1015 | D        | Reached skill level 18 in Polearms
  1015 | D        | Reached skill level 10 in Armour
  1015 | D        | Reached skill level 1 in Evocations
  1015 | D        | Reached ****** piety under Trog
  1016 | D        | Reached skill level 5 in Stealth
  1096 | D        | Noticed a cane toad
  1098 | D        | Received a gift from Trog
  1106 | D        | Noticed an elephant
  1108 | D        | Killed a cane toad
  1113 | D        | Reached skill level 19 in Polearms
  1118 | D        | Killed an elephant
  1118 | D        | Received a gift from Trog
  1293 | D        | Noticed Eustachio
  1302 | D        | Killed Eustachio
  1302 | D        | Received a gift from Trog
  1454 | D        | Noticed Sonja
  1469 | D        | Killed Sonja
  1470 | D        | Reached skill level 20 in Polearms
  1470 | D        | Reached XP level 11. HP: 30/118 MP: 3/10
  1809 | D        | Identified the +8 glaive of Expedience {flame, rF+ Stlth+}
                  | (Trog gifted it to you in the Dungeon)
  1809 | D        | Received a gift from Trog
  1820 | D        | Received a gift from Trog
  1871 | D        | Noticed an orc knight
  1876 | D        | Noticed an orc knight
  1879 | D        | Identified the +4 halberd of Fortitude {vorpal, rPois Str-5
                  | Dex+8} (Trog gifted it to you in the Dungeon)
  1879 | D        | Received a gift from Trog
  1881 | D        | Noticed an orc knight
  1885 | D        | Killed an orc knight
  1888 | D        | Killed an orc knight
  1896 | D        | Killed an orc knight
  1898 | D        | Received a gift from Trog
  1899 | D        | Reached skill level 21 in Polearms
  2179 | D        | Found Atem's Distillery.
  2179 | D        | Noticed a two-headed ogre
  2179 | D        | Noticed an ogre mage
  2179 | D        | Noticed a two-headed ogre
  2181 | D        | Killed a two-headed ogre
  2182 | D        | Noticed a two-headed ogre
  2186 | D        | Killed an ogre mage
  2187 | D        | Found Geuff's General Store.
  2189 | D        | Killed a two-headed ogre
  2190 | D        | Reached skill level 22 in Polearms
  2190 | D        | Received a gift from Trog
  2191 | D        | Noticed an ogre mage
  2192 | D        | Killed a two-headed ogre
  2194 | D        | Found Imoh's Magic Scroll Emporium.
  2201 | D        | Killed an ogre mage
  2201 | D        | Received a gift from Trog
  2202 | D        | Found Umoz Dukk's Weapon Shoppe.
  2203 | D        | Noticed an ogre mage
  2205 | D        | Paralysed by an ogre mage for 6 turns
  2207 | D        | Noticed a two-headed ogre
  2212 | D        | Killed an ogre mage
  2215 | D        | Killed a two-headed ogre
  2216 | D        | Reached skill level 23 in Polearms
  2257 | D        | Noticed an ogre mage
  2261 | D        | Killed an ogre mage
  2262 | D        | Reached XP level 12. HP: 98/133 MP: 11/11
  2384 | D        | Bought a scroll of acquirement for 728 gold pieces
  2384 | D        | Bought a scroll of enchant armour for 105 gold pieces
  2384 | D        | Bought a scroll of blinking for 105 gold pieces
  2386 | D        | Bought a +1 pair of boots of stealth for 181 gold pieces
  2388 | D        | Bought a potion of heal wounds for 70 gold pieces
  2388 | D        | Bought a potion of curing for 42 gold pieces
  2388 | D        | Bought 2 potions of curing for 84 gold pieces
  2388 | D        | Bought a potion of haste for 140 gold pieces
  2388 | D        | Bought a potion of curing for 42 gold pieces
  2392 | D        | Bought a scroll of brand weapon for 280 gold pieces
  2392 | D        | Bought a scroll of fear for 49 gold pieces
  2392 | D        | Bought a scroll of identify for 28 gold pieces
  2392 | D        | Bought a scroll of fog for 28 gold pieces
  2396 | D        | Bought a scroll of identify for 28 gold pieces
  2396 | D        | Acquired a scarf of resistance
  2522 | D        | Noticed Harold
  2531 | D        | Killed Harold
  2679 | D        | Noticed a centaur warrior
  2687 | D        | Received a gift from Trog
  2694 | D        | Noticed a stone giant
  2696 | D        | Killed a centaur warrior
  2699 | D        | Noticed a vampire knight
  2699 | D        | Noticed a tengu warrior
  2705 | D        | Killed a vampire knight
  2705 | D        | Received a gift from Trog
  2706 | D        | Reached skill level 24 in Polearms
  2707 | D        | Killed a stone giant
  2707 | D        | Noticed a stone giant
  2708 | D        | Noticed a vampire mage
  2710 | D        | Noticed a deep troll shaman
  2711 | D        | Killed a tengu warrior
  2717 | D        | Killed a stone giant
  2718 | D        | Reached skill level 15 in Armour
  2721 | D        | Killed a vampire mage
  2724 | D        | Killed a deep troll shaman
  2724 | D        | Received a gift from Trog
  2725 | D        | Reached skill level 10 in Dodging
  3015 | D        | Noticed an alligator
  3015 | D        | Noticed an alligator
  3027 | D        | Reached skill level 25 in Polearms
  3031 | D        | Noticed a four-headed hydra
  3036 | D        | Killed an alligator
  3039 | D        | Killed an alligator
  3039 | D        | Received a gift from Trog
  3135 | D        | Killed a two-headed hydra
  3227 | D        | Noticed an alligator snapping turtle
  3229 | D        | Received a gift from Trog
  3230 | D        | Reached XP level 13. HP: 138/147 MP: 10/12
  3268 | D        | Received a gift from Trog
  3446 | D        | Noticed an emperor scorpion
  3450 | D        | Killed an emperor scorpion
  3460 | D        | Received a gift from Trog
  3466 | D        | Reached skill level 26 in Polearms
  3621 | D        | Received a gift from Trog
  3645 | D        | Received a gift from Trog
  3918 | D        | Noticed a stone giant
  3918 | D        | Noticed a stone giant
  3918 | D        | Noticed a fire giant
  3919 | D        | Noticed a stone giant
  3924 | D        | Killed a stone giant
  3928 | D        | Paralysed by a floating eye for 3 turns
  3935 | D        | Killed a stone giant
  3936 | D        | Noticed an ettin
  3939 | D        | Received a gift from Trog
  3940 | D        | Noticed a stone giant
  3943 | D        | Paralysed by a floating eye for 2 turns
  3945 | D        | Killed a fire giant
  3949 | D        | Reached skill level 27 in Polearms
  3951 | D        | Paralysed by a floating eye for 4 turns
  3952 | D        | Hit by a large rock thrown by a stone giant

Illustrated notes

Levels and vault maps discovered:
D:        linesprint [early_d, line_temple, items_1, d_10, items_2, lair_1,
          lair_end, items_3, orc_1, orc_end, items_4, d_15, swamp_1, shoals_1,
          snake_1, spider_1, d_20, vaults_1, items_5, swamp_end, shoals_end,
          snake_end, spider_end, vaults_end, d_27, items_6, zot_1, zot_end,
          crypt_end, forest_end, elf_end, slime_end, tomb_end, abyss_end,
          pan_hell_end]

Skill      XL: |  1  2  3  4  5  6  7  8  9 10 11 12 13 |
---------------+----------------------------------------+-----
Fighting       | 7 9 10 12 13 14 15 17 20 22 26 | 26.0
Polearms       | 7 9 10 12 14 16 17 20 23 25 27 | 27.0
Armour         | 3 4 5 6 8 9 12 13 16 18 | 18.0
Dodging        | 3 4 5 6 7 8 9 10 11 | 11.1
Stealth        | 2 4 6 7 |  7.9
Evocations     | 2 3 |  3.2

Action                   |  1- 3 |  4- 6 |  7- 9 | 10-12 | 13-15 || total
-------------------------+-------+-------+-------+-------+-------++-------
Melee: Spear             |    15 |    15 |       |       |       ||    30
       Headbutt          |     2 |     5 |     8 |    41 |    23 ||    79
       Halberd           |       |     6 |    40 |    34 |       ||    80
       Bardiche          |       |       |       |    53 |       ||    53
       Glaive            |       |       |       |   123 |   103 ||   226
Invok: Berserk           |     1 |     2 |     1 |     8 |     3 ||    15
       Brothers in Arms  |       |       |       |     2 |       ||     2
       Trog's Hand       |       |       |       |     1 |       ||     1
Evoke: Wand              |       |       |     3 |     2 |       ||     5
  Use: Potion            |       |       |     4 |     1 |     1 ||     6
       Scroll            |       |       |     1 |     1 |       ||     2
 Stab: Invisible         |       |       |     4 |       |       ||     4
       Distracted        |       |       |       |     1 |       ||     1
Armor: Animal skin       |       |     1 |       |       |       ||     1
       Chain mail        |       |     4 |    14 |    29 |       ||    47
       Storm dragon scal |       |       |       |    24 |    27 ||    51
Dodge: Dodged            |     4 |     6 |    16 |    80 |    35 ||   141

Table legend: (Time is in decaauts)
 A = Elapsed time spent in this place.
 B = Non-inter-level travel time spent in this place.
 C = Inter-level travel time spent in this place.
 D = Time resting spent in this place.
 E = Time spent auto-exploring this place.
 F = Levels seen in this place.
 G = Mean time per level.
                   A        B        C        D        E       F      G
               +--------+--------+--------+--------+--------+-----+--------+
         Total |   3964 |   3964 |      0 |   2316 |    517 |   1 | 3964.0 |
       Dungeon |   3964 |   3964 |      0 |   2316 |    517 |   1 | 3964.0 |
               +--------+--------+--------+--------+--------+-----+--------+

Top non-repeatable levels by time:
       D: 3964 daAuts
